Map: Alcyone LE

Players

Scarlett - Winner!

  • Race: Zerg Zerg
  • Spawn Location: 7:00

Bunny

  • Race: Terran Terran
  • Spawn Location: 1:00

Event: ESL Spring 2024 Finals

VOD

Have the link to the VOD?

Description

Time

  • Played on: May 31, 2024, 7:06 p.m.
  • Length: 16:25

All games in this series

Show
View Real Time Build Order
Export as new Build Order

Scarlett Zerg - Winner!

Build Orders: Hatch First 

Get SALT Encoding   

  12  0:00  Drone  
  13  0:12  Overlord  
  13  0:18  Drone  
  14  0:31  Drone x2  
  16  0:47  Hatchery  
  15  0:51  Drone  
  15  0:54  Drone  
  17  0:57  Drone  
  18  1:09  Extractor  
  17  1:12  Spawning Pool  
  17  1:16  Drone  
  17  1:19  Drone  
  18  1:27  Drone  
  19  1:38  Drone  
  20  1:50  Drone  
  21  1:59  Queen x2  
  21  2:00  Zergling x4  
  27  2:10  Drone, Overlord  
  28  2:20  Hatchery  
  27  2:24  Drone  
  28  2:35  Drone x3  
  31  2:41  Queen  
  31  2:43  Metabolic Boost  
  33  2:47  Overlord  
  33  2:50  Drone  
  34  2:57  Drone x2  
  36  3:08  Drone x5  
  41  3:16  Queen  
  43  3:21  Overlord  
  43  3:23  Drone  
  43  3:28  Overlord  
  43  3:31  Queen  
  45  3:35  Drone x2  
  45  3:40  Drone x4  
  51  3:43  Queen  
  53  3:49  Drone x3  
  53  3:53  Zergling x4  
  53  3:55  Drone x2  
  60  4:03  Overlord  
  60  4:05  Zergling x2  
  60  4:06  Queen  
  60  4:07  Drone x2  
  65  4:15  Overlord  
  65  4:18  Overlord  
  65  4:24  Evolution Chamber  
  65  4:25  Drone  
  65  4:26  Drone x5  
  65  4:27  Evolution Chamber  
  65  4:28  Queen  
  65  4:30  Drone  
  72  4:37  Drone x2  
  74  4:42  Drone  
  74  4:44  Queen  
  77  4:50  Extractor  
  77  4:51  Zergling x2  
  77  4:52  Zergling x18  
  86  4:53  Spore Crawler  
  86  4:56  Overlord  
  86  4:59  Spore Crawler  
  84  5:05  Zerg Melee Weapons Level 1, Zerg Ground Armor Level 1  
  82  5:14  Drone x5  
  82  5:18  Drone x4  
  82  5:20  Drone  
  80  5:28  Drone x5  
  84  5:32  Drone  
  84  5:33  Drone x2  
  87  5:40  Hatchery, Extractor  
  87  5:41  Extractor  
  84  5:46  Lair  
  84  5:48  Drone x2, Extractor  
  84  5:49  Drone x2, Extractor  
  86  5:56  Overlord  
  85  5:57  Drone x4  
  89  6:06  Drone x4, Hatchery  
  92  6:11  Drone  
  92  6:12  Baneling Nest  
  92  6:14  Zergling x6  
  95  6:20  Hatchery  
  95  6:21  Zergling x4  
  96  6:27  Zergling x8  
  96  6:30  Zergling x10  
  105  6:36  Zergling x2  
  105  6:38  Overlord x3  
  106  6:45  Overlord  
  106  6:54  Drone x6  
  112  6:59  Drone  
  112  7:00  Hydralisk Den  
  112  7:01  Zerg Melee Weapons Level 2, Zerg Ground Armor Level 2  
  112  7:03  Centrifugal Hooks  
  112  7:04  Baneling  
  112  7:05  Baneling x11, Zergling x4  
  112  7:07  Zergling x2  
  112  7:08  Zergling x2  
  113  7:17  Zergling x22  
  113  7:22  Zergling x4  
  120  7:28  Zergling x14  
  126  7:31  Grooved Spines  
  126  7:32  Hydralisk x3  
  126  7:34  Hydralisk  
  134  7:38  Hydralisk x2  
  138  7:46  Hydralisk x4  
  132  7:53  Hydralisk x5  
  132  7:56  Overlord  
  142  8:00  Drone x3, Overlord  
  145  8:13  Overlord x3  
  145  8:21  Muscular Augments  
  145  8:24  Infestation Pit  
  145  8:26  Hydralisk x5  
  151  8:28  Overseer, Pneumatized Carapace  
  151  8:31  Overseer  
  151  8:33  Drone x15  
  166  8:37  Queen  
  166  8:39  Overlord x2  
  164  8:44  Zergling x12  
  170  8:52  Zergling x20  
  180  9:01  Zergling x20  
  190  9:05  Baneling x7  
  190  9:06  Zergling x6  
  190  9:08  Infestor  
  190  9:09  Infestor  
  194  9:15  Overlord x2  
  194  9:21  Hatchery  
  190  9:32  Overlord x2  
  180  9:41  Spore Crawler  
  180  9:42  Spore Crawler  
  176  9:47  Zergling x48  
  176  9:48  Baneling x18  
  199  9:56  Hive, Zerg Missile Weapons Level 1  
  199  10:02  Burrow  
  199  10:03  Drone  
  199  10:04  Drone x3  
  200  10:09  Spore Crawler  
  197  10:19  Hatchery  
  190  10:24  Zergling x44  
  180  10:30  Hydralisk x5  
  179  10:42  Infestor x3  
  173  10:51  Hatchery  
  169  10:59  Zergling x28  
  176  11:06  Hatchery  
  176  11:09  Zergling x2  
  176  11:10  Zergling x6  
  179  11:15  Zergling x16  
  187  11:21  Baneling  
  187  11:22  Baneling x10  
  187  11:23  Overseer  
  187  11:24  Overseer x2  
  183  11:26  Baneling x3  
  183  11:27  Baneling  
  183  11:29  Drone x7  
  183  11:32  Adrenal Glands  
  190  11:37  Zerg Ground Armor Level 3  
  189  11:42  Baneling x3  
  189  11:43  Baneling x5  
  188  11:50  Zergling x26  
  191  11:54  Queen  
  178  12:06  Viper  
  178  12:07  Viper  
  181  12:09  Zergling x26  
  192  12:22  Hydralisk x4  
  186  12:23  Zergling x4  
  186  12:28  Hatchery  
  184  12:30  Zergling x18  
  184  12:32  Unknown  
  181  12:41  Nydus Network  
  181  12:44  Drone x4  
  183  12:45  Drone x2  
  183  12:47  Zergling x2  
  183  12:48  Zergling x24  
  199  12:55  Extractor  
  196  13:03  Zergling x8  
  196  13:05  Overlord  
  199  13:09  Zerg Missile Weapons Level 2  
  199  13:10  Spire  
  179  13:22  Zergling x50  
  179  13:25  Overseer  
  199  13:32  Zergling x6  
  199  13:34  Baneling  
  199  13:35  Baneling x22  
  193  13:50  Nydus Canal  
  193  13:53  Infestor x2  
  195  14:05  Hatchery  
  195  14:07  Unknown  
  192  14:15  Infestor  
  178  14:18  Viper x2  
  178  14:22  Zergling x2  
  178  14:23  Zergling x46  
  197  14:28  Zergling x32  
  200  14:37  Zergling x18  
  192  14:42  Greater Spire  
  192  14:44  Zergling x14  
  190  14:55  Infestor x2  
  190  14:56  Zergling x18  
  185  15:05  Overseer x2, Overlord x2  
  185  15:06  Hydralisk x8  
  171  15:11  Hydralisk x5  
  155  15:21  Hydralisk  
  155  15:22  Zergling x4, Hydralisk x7  
  155  15:24  Zergling x2  
  155  15:27  Zergling x8  
  155  15:28  Baneling x6  
  178  15:31  Hatchery  
  178  15:33  Zergling x16  
  178  15:34  Baneling x5  
  183  15:43  Zergling x2  
  183  15:44  Zergling x12  
  183  15:45  Baneling  
  183  15:46  Baneling x8  
  183  15:47  Zergling x18  
  183  15:48  Nydus Canal  
  192  16:01  Zergling x26  
Show
View Real Time Build Order
Export as new Build Order

Bunny Terran 

Build Orders: Liberator Opening, Reaper Expand 

Get SALT Encoding   

  12  0:00  SCV  
  13  0:12  SCV  
  14  0:17  Supply Depot  
  14  0:24  SCV  
  15  0:38  SCV  
  15  0:39  Barracks  
  15  0:42  Refinery  
  16  0:50  SCV  
  17  1:02  SCV  
  18  1:14  SCV  
  19  1:26  Orbital Command  
  19  1:27  Reaper  
  20  1:37  Command Center  
  20  1:45  Supply Depot  
  20  1:52  SCV  
  21  1:59  Marine  
  22  2:04  SCV  
  23  2:10  Factory  
  23  2:16  SCV  
  23  2:19  Barracks Reactor  
  24  2:28  SCV  
  25  2:37  Command Center  
  25  2:40  SCV  
  26  2:49  Orbital Command  
  26  2:52  SCV  
  26  2:57  Starport  
  27  3:01  Hellion  
  27  3:04  Hellion  
  31  3:05  SCV  
  31  3:11  Refinery  
  32  3:15  SCV  
  32  3:18  SCV  
  34  3:22  Hellion  
  34  3:25  Hellion  
  38  3:28  Marine  
  38  3:31  SCV x2  
  41  3:38  Liberator  
  44  3:43  SCV x2  
  44  3:47  Barracks Tech Lab  
  46  3:49  Hellion x2  
  46  3:52  Orbital Command  
  50  3:58  SCV x2  
  52  4:05  Supply Depot  
  52  4:09  Stimpack  
  52  4:10  Hellion x2  
  52  4:11  SCV  
  52  4:12  SCV  
  58  4:19  Orbital Command  
  58  4:23  SCV, Marine  
  60  4:24  SCV  
  60  4:29  Supply Depot  
  61  4:35  SCV  
  61  4:36  SCV, Barracks  
  61  4:38  Barracks  
  63  4:39  Refinery  
  63  4:40  Starport Reactor  
  63  4:41  Refinery  
  63  4:42  Factory Tech Lab  
  63  4:45  Marine  
  64  4:47  SCV  
  64  4:48  SCV  
  66  4:53  Engineering Bay x2  
  66  4:55  SCV  
  66  4:56  Supply Depot  
  66  4:59  SCV  
  68  5:00  SCV  
  72  5:07  Siege Tank  
  72  5:08  SCV  
  72  5:12  SCV x2  
  74  5:14  Marine  
  61  5:21  Barracks  
  61  5:22  SCV, Barracks  
  61  5:24  SCV  
  61  5:25  SCV, Terran Infantry Armor Level 1, Terran Infantry Weapons Level 1  
  59  5:30  Marine  
  59  5:32  Supply Depot, Starport Reactor, Marine x2  
  59  5:34  Marine  
  59  5:35  Marine  
  64  5:36  SCV  
  64  5:37  SCV  
  64  5:38  SCV  
  64  5:42  Siege Tank  
  70  5:48  Marine  
  70  5:49  Combat Shield, SCV x2  
  73  5:50  Marine x2  
  73  5:53  SCV  
  73  5:56  Marine x2  
  78  5:59  Supply Depot  
  78  6:01  SCV  
  78  6:02  SCV  
  80  6:05  SCV  
  80  6:06  Marine  
  80  6:08  Marine x2  
  80  6:09  Medivac x2  
  80  6:10  Barracks Reactor  
  88  6:11  Barracks Reactor  
  88  6:13  Marine  
  88  6:14  Marine  
  88  6:15  Refinery  
  88  6:16  SCV x2  
  88  6:17  SCV  
  93  6:22  Supply Depot  
  93  6:24  Marine  
  93  6:25  Siege Tank  
  97  6:26  Marine x2  
  97  6:28  SCV x2  
  101  6:35  Armory  
  101  6:43  Marine x3, Medivac  
  101  6:44  SCV  
  101  6:45  Supply Depot, Medivac  
  101  6:46  Supply Depot  
  109  6:47  Supply Depot  
  109  7:00  Command Center  
  109  7:02  Supply Depot  
  109  7:06  SCV x3, Marine x3  
  109  7:07  Marine, Widow Mine  
  118  7:09  Marine x2  
  118  7:10  Marine x3  
  122  7:17  Medivac  
  115  7:24  SCV x2, Marine  
  115  7:25  SCV  
  115  7:26  Terran Infantry Armor Level 2, Terran Infantry Weapons Level 2  
  115  7:28  Factory, Widow Mine  
  121  7:32  Marine x5  
  126  7:41  Medivac  
  128  7:49  Widow Mine  
  128  7:50  Drilling Claws  
  127  7:58  Marine x3, Barracks  
  127  7:59  Marine x5  
  127  8:00  Marine, Barracks x2  
  136  8:07  Concussive Shells  
  136  8:11  Medivac x2  
  140  8:15  SCV x3  
  140  8:16  Factory Reactor  
  140  8:19  Marauder, Widow Mine  
  147  8:22  Marine  
  145  8:30  Marine x7  
  152  8:40  SCV x3, Marine, Widow Mine  
  156  8:42  Planetary Fortress  
  156  8:44  Supply Depot x2  
  156  8:46  Marine, Medivac x2  
  156  8:48  Marine x2  
  163  9:03  Widow Mine  
  163  9:04  Marine  
  163  9:05  Marine  
  163  9:06  Marauder, Widow Mine x2  
  163  9:09  SCV x2  
  174  9:10  SCV  
  174  9:12  Command Center  
  174  9:16  Barracks Tech Lab x3, Medivac  
  176  9:19  Refinery  
  176  9:25  Widow Mine  
  176  9:27  Widow Mine  
  180  9:36  Marauder  
  180  9:38  Marauder  
  179  9:48  Marauder  
  179  9:53  Ghost Academy  
  179  9:55  Command Center  
  179  9:57  Terran Infantry Armor Level 3, Terran Infantry Weapons Level 3  
  179  10:04  SCV  
  179  10:06  Marauder  
  180  10:15  SCV  
  180  10:17  SCV  
  180  10:18  Marauder  
  179  10:24  Marauder x2, Widow Mine x3  
  179  10:27  Marauder  
  158  10:36  SCV x3  
  158  10:40  Marauder  
  161  10:43  Marine  
  161  10:45  Liberator x2  
  161  10:46  Marauder x2, Widow Mine x2  
  161  10:48  SCV  
  161  10:49  Marauder  
  166  10:51  Widow Mine  
  166  10:55  Marine  
  166  10:57  Marine x6  
  158  11:00  Ghost Academy  
  158  11:01  Marine, Marauder  
  163  11:07  Marauder x2, Widow Mine x2  
  163  11:10  Planetary Fortress, Marine  
  170  11:13  Marine, Widow Mine  
  170  11:14  Marine  
  170  11:15  Marine x4  
  180  11:22  Supply Depot  
  180  11:23  Supply Depot, Marauder  
  180  11:27  Refinery  
  180  11:30  Sensor Tower  
  180  11:31  Command Center  
  180  11:32  Missile Turret  
  179  11:40  Ghost, Widow Mine  
  179  11:41  Widow Mine  
  179  11:43  Ghost x2  
  179  11:44  Liberator, Refinery  
  179  11:45  Liberator  
  189  11:49  Marine x2  
  189  11:53  Ghost  
  175  12:08  Marine x8  
  168  12:09  Marine  
  168  12:12  Missile Turret  
  173  12:23  Ghost x3  
  173  12:26  Marine x5  
  173  12:27  Widow Mine x2  
  173  12:29  Medivac x2  
  177  12:36  Marine, Marauder  
  177  12:37  Marine x2  
  170  12:42  Command Center x2  
  170  12:43  Marine, Widow Mine  
  170  12:44  Marine, Personal Cloaking  
  175  12:48  Widow Mine x2  
  180  12:52  Marauder x3  
  180  12:57  Refinery  
  186  12:59  Sensor Tower, Medivac x2  
  186  13:00  Missile Turret  
  186  13:04  Widow Mine  
  184  13:10  Planetary Fortress, Widow Mine x2  
  188  13:18  Marine x2, Marauder  
  177  13:25  Marauder x3  
  177  13:26  Widow Mine  
  181  13:31  Widow Mine x2  
  181  13:32  Marine  
  184  13:39  Marine, Marauder  
  187  13:46  Ghost, Command Center, Marauder  
  187  13:47  Marine, Widow Mine  
  194  13:52  Widow Mine x2  
  194  13:53  Sensor Tower  
  198  13:59  Marine x2  
  200  14:05  Orbital Command  
  191  14:18  Liberator x2  
  188  14:24  Ghost x4  
  188  14:25  Marine  
  188  14:28  Marine x4  
  188  14:30  Widow Mine x2  
  194  14:36  Marine  
  194  14:37  Marine  
  164  14:40  Starport  
  164  14:42  Fusion Core  
  164  14:52  Ghost, Widow Mine x2  
  168  14:53  Ghost  
  157  15:01  Marine x4  
  157  15:04  SCV x4  
  157  15:05  Orbital Command  
  137  15:12  Orbital Command  
  128  15:15  SCV  
  128  15:16  SCV x3, Marine x4  
  128  15:17  SCV, Marine x2  
  128  15:18  Marine  
  140  15:27  SCV  
  141  15:28  SCV  
  141  15:29  SCV x3  
  145  15:39  SCV  
  145  15:40  Siege Tank, SCV  
  145  15:41  SCV  
  150  15:47  Widow Mine x2  
Tags
 
Add a new tag
Caveats
  • Supply blocks, unpowered buildings, or Contaminate may cause inaccurate times.
  • Supply counts are checked every 10 seconds.